 Seeded DCSS version 0.29-a0-1019-g84f7d21838 (webtiles) character file.

Game seed: 20220811 (custom seed)

377 purpskrrrp the Covered (level 6, -2/47 HPs)
             Began as a Demonspawn Fighter on Aug 11, 2022.
             Slain by a white imp (4 damage)
             ... on level 6 of the Dungeon.
             The game lasted 00:05:22 (2394 turns).

purpskrrrp the Covered (Demonspawn Fighter)         Turns: 2394, Time: 00:05:22

Health: -2/47      AC: 17    Str: 18    XL:     6   Next: 45%
Magic:  6/6        EV:  7    Int:  9    God:
Gold:   62         SH:  4    Dex: 13    Spells: 5/5 levels left

rFire   . . .      SeeInvis .   a - +0 flail
rCold   . . .      Faith    .   c - +0 buckler
rNeg    . . .      Spirit   .   k - +0 storm dragon scales
rPois   .          Reflect  .   e - +1 helmet
rElec   +          Harm     .   q - scarf {+Inv}
rCorr   +          Rampage  .   g - +0 pair of gloves
Will    .....                   (no boots)
Stlth   ..........              (no amulet)
HPRegen 0.15/turn               h - ring of resist corrosion
MPRegen 0.10/turn               (no ring)

@: no status effects
A: thin metallic scales 1, demonic guardian 1
a: Evoke Invisibility


You were on level 6 of the Dungeon.
You visited 1 branch of the dungeon, and saw 4 of its levels.

You collected 62 gold pieces.

Inventory:

Hand Weapons
 a - a +0 flail (weapon)
Armour
 b - a +0 scale mail
 c - a +0 buckler (worn)
 e - a +1 helmet (worn)
 g - a +0 pair of gloves (worn)
 k - +0 storm dragon scales (worn)
 q - a scarf of invisibility (worn)
Jewellery
 h - a ring of resist corrosion (left hand)
Wands
 o - a wand of flame (24)
Scrolls
 f - 4 scrolls of enchant weapon {unknown}
 l - 2 scrolls of teleportation {unknown}
 m - a scroll of blinking {unknown}
 r - a scroll of identify {unknown}
 t - a scroll of poison {unknown}
Potions
 d - a potion of might
 i - 3 potions of heal wounds {unknown}
 j - 3 potions of curing {unknown}
 n - a potion of attraction {unknown}
 p - 2 potions of haste {unknown}
 s - 2 potions of degeneration {unknown}


   Skills:
 + Level 3.5 Fighting
 * Level 4.4 Maces & Flails
 * Level 4.5 Armour
 + Level 0.3 Dodging
 + Level 0.1 Stealth
 + Level 3.1 Shields


You had 5 spell levels left.
You didn't know any spells.
Your spell library was empty.

Dungeon Overview and Level Annotations

Branches:
Dungeon (3/15)

Altars:
Okawaru


Innate Abilities, Weirdness & Mutations

You are partially covered in thin metallic scales. (AC +2)
A weak demonic guardian rushes to your aid.


Message History

The bullfrog is severely wounded.
The bullfrog hits you. x2
* * * LOW HITPOINT WARNING * * *
You sock the bullfrog!
You kill the bullfrog!
The white imp gestures at you. The puff of frost hits you!
* * * LOW HITPOINT WARNING * * *
A demonic guardian appears!
You swap places.
Your iron imp barely misses the white imp.
Okay, then.
Okay, then.
Your iron imp hits the white imp.
The white imp gestures at your iron imp.
The puff of frost hits your iron imp.
Your iron imp resists.
Your iron imp barely misses the white imp.
The white imp misses your iron imp.
Your iron imp completely misses the white imp.
The white imp hits something.
The white imp freezes something.
The puff of frost hits your iron imp.
Your iron imp resists.
Something hits your iron imp. Something freezes your iron imp.
Your iron imp resists.
Something barely misses your iron imp.
The puff of frost hits your iron imp but does no damage.
Something barely misses your iron imp. Something hits your iron imp.
Something freezes your iron imp.
Your iron imp resists.
Your iron imp disappears in a puff of smoke!
The white imp shouts!
The white imp laughs crazily.
The white imp hits you but does no damage.
You hit the white imp.
The white imp is severely wounded.
The white imp hits you.
* * * LOW HITPOINT WARNING * * *
A demonic guardian appears!
The white imp freezes you.
You die...

##### #.#####...
#...#########.# ##.# ##
#.#...........# #.# .
#...########### #.#
#.##.######## #.#
##.##.##.....##########.#
#...#.5..................
#....5.##...##.########..
#...#..#@....#..# #..
#####..55._.....# #..
#..#.....#..# #..
##.##...##.## #..
#.........# #..
........### ... ........#
...#...## #.#...#


You could see a white imp (ally target) and a friendly quasit (summoned).

Vanquished Creatures
  Sigmund (D:2)
  A bullfrog (D:6)
  Jessica (D:2)
  Natasha (thrice) (D:2)
  2 adders (D:2)
  2 worms (D:2)
  2 dart slugs (D:1)
  5 endoplasms
  4 giant cockroaches
  2 goblins (D:2)
  2 hobgoblins
  A kobold (D:3)
  2 quokkas
  4 ball pythons
  4 bats
  2 frilled lizards
  3 rats (D:2)
41 creatures vanquished.

Vanquished Creatures (others)
  A plant (D:1)
1 creature vanquished.

Grand Total: 42 creatures vanquished

Notes
Turn   | Place    | Note
-------+----------+-------------------------------------------
     0 | D:1      | purpskrrrp the Demonspawn Fighter began the quest for the
                  | Orb.
     0 | D:1      | Reached XP level 1. HP: 18/18 MP: 1/1
   262 | D:1      | Gained mutation: You are partially covered in thin metallic
                  | scales. (AC +2) [demonic ancestry]
   262 | D:1      | Reached XP level 2. HP: 11/24 MP: 2/2
  1089 | D:2      | Noticed Jessica
  1098 | D:2      | Killed Jessica
  1099 | D:2      | Reached XP level 3. HP: 17/29 MP: 3/3
  1547 | D:2      | Noticed Natasha
  1553 | D:2      | Killed Natasha
  1554 | D:2      | Reached XP level 4. HP: 35/35 MP: 4/4
  1642 | D:2      | Noticed Natasha
  1655 | D:2      | Killed Natasha
  1672 | D:2      | Noticed Natasha
  1680 | D:2      | Killed Natasha
  1681 | D:2      | Reached XP level 5. HP: 30/41 MP: 5/5
  1868 | D:2      | Noticed Sigmund
  1911 | D:2      | Killed Sigmund
  1912 | D:2      | Gained mutation: A weak demonic guardian rushes to your
                  | aid. [demonic ancestry]
  1912 | D:2      | Reached XP level 6. HP: 24/47 MP: 6/6
  2315 | D:3      | You fall into a shaft and drop 3 floors!
  2315 | D:6      | Found an iron altar of Okawaru.
  2376 | D:6      | HP: 1/47 [white imp/puff of frost (11)]
  2394 | D:6      | HP: 2/47 [white imp (1)]
  2394 | D:6      | Slain by a white imp

Illustrated notes

Levels and vault maps discovered:
D:1:      dpeg_arrival_shelter, layout_loops_ring, serial_bayou,
          serial_bayou_pond_e, serial_bayou_lake_a, serial_bayou_shore_b,
          serial_bayou_pond_e, minmay_fountain_box
D:2:      layout_rooms, minmay_circle_x, uniq_natasha, uniq_jessica,
          uniq_sigmund
D:3:      layout_basic, ebering_ecumenical_altar_rust
D:6:      layout_loops_ring, okawaru_gym_becter

Skill      XL: |  1  2  3  4  5 |
---------------+----------------+-----
Armour         | 3 4 |  4.5
Maces & Flails | 2 4 |  4.4
Shields        | 3 |  3.1
Fighting       | |  3.5
Dodging        | |  0.3
Stealth        | |  0.1

Action                   |  1- 3 |  4- 6 || total
-------------------------+-------+-------++-------
Melee: Flail             |   100 |   111 ||   211
Armor: Scale mail        |    27 |       ||    27
       Storm dragon scal |    43 |    70 ||   113
Dodge: Dodged            |    47 |    27 ||    74
Block: Buckler           |    22 |    23 ||    45

Table legend: (Time is in decaauts)
 A = Elapsed time spent in this place.
 B = Non-inter-level travel time spent in this place.
 C = Inter-level travel time spent in this place.
 D = Time resting spent in this place.
 E = Time spent auto-exploring this place.
 F = Levels seen in this place.
 G = Mean time per level.
                   A        B        C        D        E       F      G
               +--------+--------+--------+--------+--------+-----+--------+
         Total |   2501 |   2457 |     44 |    330 |   1584 |   4 |  625.2 |
       Dungeon |   2501 |   2457 |     44 |    330 |   1584 |   4 |  625.2 |
               +--------+--------+--------+--------+--------+-----+--------+

Top non-repeatable levels by time:
     D:1: 1101 daAuts
     D:2: 1098 daAuts
     D:3: 220 daAuts
     D:6: 81 daAuts
